[Event "Team 45 45 League T46"]
[Site "Internet Chess Club"]
[Date "2010.09.13"]
[Round "6"]
[White "Lokath"]
[Black "frank001"]
[Result "1-0"]
[WhiteElo "1890"]
[BlackElo "1800"]
[Opening "Sicilian: closed"]
[ECO "B24"]
[Time "02:00:51"]
[TimeControl "2700+45"]

1. e4 c5 2. Nc3 Nc6 3. g3 e6 4. Bg2 Nf6 5. d3 d5 6. exd5 Nxd5 7. Nge2 Be7 8. O-O
O-O 9. Nxd5 exd5 10. Nf4 d4 11. Re1 Bd6 12. Qh5 Nb4 13. Re2 g6 14. Qf3 Nc6 15.
Nd5 Ne5 16. Qf6 Qxf6 17. Nxf6+ Kg7 18. Ne4 Be7 19. Nxc5 Bxc5 20. Rxe5 Bb6 21.
Bd2 Bc7 22. Re2 Rb8 23. Bd5 Rd8 24. Bb3 Bd6 25. Re4 Bc5 26. Bf4 Ra8 27. Re5 Bb6
28. Rae1 Bh3 29. Re7 Rd7 30. Rxd7 Bxd7 31. Re7 Be8 32. Rxb7 Rc8 33. h4 h6 34.
Be5+ Kf8 35. Bb8 Bd8 36. Bd6+ Kg7 37. Be5+ Kh7 38. Rxa7 Bb6 39. Rb7 {Black
resigns} 1-0

[Event "Team 45 45 League T46"]
[Site "Internet Chess Club"]
[Date "2010.09.10"]
[Round "6"]
[White "jjmolina"]
[Black "tigereye"]
[Result "1-0"]
[WhiteElo "1743"]
[BlackElo "1785"]
[Opening "Giuoco Piano"]
[ECO "C54"]
[Time "15:02:48"]
[TimeControl "2700+45"]

1. e4 e5 2. Nf3 Nc6 3. Bc4 Bc5 4. c3 Nf6 5. d4 exd4 6. cxd4 Bb4+ 7. Bd2 Bxd2+ 8.
Nbxd2 d5 9. exd5 Nxd5 10. Qb3 Nce7 11. O-O O-O 12. Rfe1 c6 13. Ne4 Qb6 14. Nc3
Qxb3 15. Bxb3 Rd8 16. Nxd5 Nxd5 17. Bxd5 cxd5 18. Re7 b6 19. Rae1 Be6 20. Ng5
Re8 21. Rc7 h6 22. Nxe6 fxe6 23. Re3 Rac8 24. Rec3 Rxc7 25. Rxc7 Kf8 26. Rxa7
Rc8 27. h3 Rc1+ 28. Kh2 Rc2 29. b3 Rxf2 30. a4 Rb2 31. Rb7 Rxb3 32. a5 b5 33. a6
Ra3 34. a7 e5 35. dxe5 b4 36. Rb8+ Ke7 37. a8=Q Rxa8 38. Rxa8 d4 39. Rb8 Ke6 40.
Rxb4 Kxe5 41. Kg3 Ke4 42. Rb7 {Black resigns} 1-0

[Event "Team 45 45 League T46"]
[Site "Internet Chess Club"]
[Date "2010.09.12"]
[Round "6"]
[White "Deebs"]
[Black "johnnyperez"]
[Result "1-0"]
[WhiteElo "1766"]
[BlackElo "1633"]
[Opening "QGD: Marshall defense"]
[ECO "D06"]
[Time "09:01:47"]
[TimeControl "2700+45"]

1. d4 d5 2. c4 Nf6 3. Nf3 Nc6 4. Nc3 e6 5. cxd5 exd5 6. Bg5 Bb4 7. a3 Bxc3+ 8.
bxc3 Qd6 9. Bxf6 Qxf6 10. e3 O-O 11. Be2 Ne7 12. O-O Ng6 13. Qb3 c6 14. Rfc1 Re8
15. c4 Nf4 16. Bf1 dxc4 17. Bxc4 Be6 18. exf4 Qxf4 19. Bxe6 fxe6 20. Qxb7 g5 21.
Rc5 h6 22. h3 Rf8 23. Qxc6 Rae8 24. Re1 g4 25. hxg4 Qxg4 26. Rce5 Re7 27. Rxe6
Rg7 28. Ne5 Qxd4 29. Qc2 Qd5 30. Rg6 Qa5 31. Rxg7+ Kxg7 32. Qg6+ Kh8 33. Qxh6+
Kg8 34. Qg6+ Kh8 35. Re3 {Black resigns} 1-0

[Event "Team 45 45 League T46"]
[Site "Internet Chess Club"]
[Date "2010.09.12"]
[Round "6"]
[White "IceBox"]
[Black "RayF"]
[Result "0-1"]
[WhiteElo "1701"]
[BlackElo "1851"]
[Opening "Sicilian: Najdorf, Byrne (English) attack"]
[ECO "B90"]
[Time "05:01:11"]
[TimeControl "2700+45"]

1. e4 c5 2. Nf3 d6 3. d4 cxd4 4. Nxd4 Nf6 5. Nc3 a6 6. Be3 e6 7. f3 Be7 8. Qd2
Nc6 9. O-O-O O-O 10. g4 Nxd4 11. Bxd4 Nd7 12. Be3 b5 13. h4 Ne5 14. Be2 Bb7 15.
g5 b4 16. Na4 Qa5 17. b3 Nd7 18. Kb1 Rfc8 19. h5 Qc7 20. g6 d5 21. gxf7+ Kxf7
22. exd5 Bxd5 23. Rhg1 a5 24. Bc4 Bxc4 25. Qxd7 Be2 26. Qxc7 Rxc7 27. Rd2 Bb5
28. Bg5 Bxg5 29. Rxg5 Bxa4 30. bxa4 Kf6 31. Rdg2 e5 32. R5g4 Rd8 33. Re4 Rd1+
34. Kb2 Rh1 35. Rge2 Rxh5 36. f4 exf4 37. Rxf4+ Rf5 38. Rh4 h5 39. Reh2 g6 40.
Re4 Rc3 41. Rd2 Rff3 42. Rd6+ Kf5 43. Re2 Rc5 44. Rd8 g5 45. Rf8+ Kg4 46. Rg8
Kh3 47. Rd8 g4 48. Rd1 g3 49. Rh1+ Kg4 50. Re4+ Rf4 51. Re3 g2 52. Rg1 Rf2 53.
Rd3 Rcxc2+ 54. Kb3 h4 55. a3 h3 56. Rxh3 Kxh3 57. axb4 Rb2+ {White resigns} 0-1

[Event "Team 45 45 League T46"]
[Site "Internet Chess Club"]
[Date "2010.09.10"]
[Round "6"]
[White "AronT"]
[Black "smitty120"]
[Result "0-1"]
[WhiteElo "2027"]
[BlackElo "1908"]
[Opening "Benkö gambit accepted"]
[ECO "A58"]
[Time "20:38:15"]
[TimeControl "2700+45"]

1. d4 Nf6 2. c4 c5 3. d5 b5 4. cxb5 a6 5. bxa6 g6 6. Nc3 Bxa6 7. e4 Bxf1 8. Kxf1
d6 9. Nf3 Nbd7 10. h3 Bg7 11. Kg1 Qb6 12. Kh2 O-O 13. Re1 Ne8 14. Re2 Nc7 15.
Bg5 Rfe8 16. Qc2 Nb5 17. Nxb5 Qxb5 18. a4 Qb4 19. Ra2 c4 20. Bd2 Qb3 21. Qxb3
cxb3 22. Ra3 Reb8 23. Bg5 Kf8 24. a5 Nc5 25. e5 dxe5 26. Nxe5 f6 27. Nc6 fxg5
28. Nxb8 Rxb8 29. a6 Ra8 30. a7 Bd4 31. Rd2 Be5+ 32. g3 Kf7 33. Kg2 Ke8 34. Ra5
Bd6 35. Rd4 Nd7 36. Rd3 Bc5 37. Rxb3 Rxa7 38. Rxa7 Bxa7 39. Ra3 Bc5 40. Ra8+ Kf7
41. Kf3 Ne5+ 42. Ke2 g4 43. hxg4 Nxg4 44. f3 Nf6 45. Ra5 Bd6 46. g4 h5 47. gxh5
gxh5 48. Kf2 h4 49. Kg2 Kg6 50. Ra4 Kg5 51. Kh3 Bg3 52. Ra5 Kf4 53. Kg2 Ke5 54.
Kh3 Nxd5 55. Kg4 e6 56. f4+ Kd4 57. Ra4+ Kd3 58. Ra3+ Kc2 59. f5 e5 60. Rf3 e4
61. f6 exf3 62. f7 Nf6+ 63. Kxf3 Bd6 64. Kg2 Ne4 65. Kh3 Ng5+ 66. Kxh4 Nxf7 67.
b4 Bxb4 68. Kg4 Kd3 69. Kf5 Kd4 70. Kf4 Nd6 71. Kf3 Bd2 72. Ke2 Kc3 73. Kf3 Kd3
74. Kg4 Ke4 75. Kg3 Be3 76. Kg4 Nf7 77. Kg3 Ne5 78. Kg2 Kf4 79. Kh3 Kf3 80. Kh2
Nd3 81. Kh1 Nf2+ 82. Kh2 Bf4+ 83. Kg1 Bg3 84. Kf1 Bh2 85. Ke1 Bf4 86. Kf1 Nh3
87. Ke1 Nf2 88. Kf1 Bh2 89. Ke1 Ne4 90. Kd1 Ke3 91. Kc2 Kd4 92. Kb3 Kc5 93. Kc2
Kc4 94. Kd1 Kd3 95. Ke1 Ke3 96. Kf1 Kf3 97. Ke1 Bf4 98. Kf1 Be3 99. Ke1 Bf2+
100. Kd1 Ke3 101. Kc2 Be1 102. Kd1 Ba5 103. Kc2 Kd4 104. Kb3 Nc5+ 105. Kc2 Ke3
106. Kd1 Kd3 107. Kc1 Na4 108. Kb1 Bd2 109. Ka2 Kc2 110. Ka3 Nc5 111. Ka2 Bb4
112. Ka1 Nb3+ 113. Ka2 Nc1+ 114. Ka1 Bc3# {White checkmated} 0-1

[Event "Team 45 45 League T46"]
[Site "Internet Chess Club"]
[Date "2010.09.14"]
[Round "6"]
[White "Bacon1290"]
[Black "siddhu"]
[Result "1/2-1/2"]
[WhiteElo "1674"]
[BlackElo "1811"]
[Opening "QGD Slav: Tolush-Geller gambit"]
[ECO "D15"]
[Time "14:30:58"]
[TimeControl "2700+45"]

1. d4 d5 2. c4 c6 3. Nf3 Nf6 4. Nc3 dxc4 5. e4 b5 6. e5 Nd5 7. a4 e6 8. axb5
Nxc3 9. bxc3 cxb5 10. Be2 Be7 11. O-O Bb7 12. Qc2 h6 13. Nd2 Nd7 14. Ne4 Nb6 15.
Bf3 Nd5 16. Qb2 a6 17. Rd1 O-O 18. Qe2 Qb6 19. Ba3 Nxc3 20. Nxc3 Bxf3 21. Qxf3
b4 22. Rab1 a5 23. Na4 Qc7 24. Bc1 c3 25. Nxc3 bxc3 26. Rb7 Qd8 27. Qxc3 Bb4 28.
Qc7 Rc8 29. Qxd8 Rfxd8 30. Be3 Rd5 31. Ra7 Rc4 32. h3 Rc3 33. Rb1 Ra3 34. Bc1
Rc3 35. Bd2 Rc4 36. Bxb4 axb4 37. Ra8+ Kh7 38. Rf8 Kg6 39. g3 Rcxd4 40. f4 Rd1+
41. Rxd1 Rxd1+ 42. Kf2 b3 43. Rb8 Rd2+ 44. Ke3 Rh2 45. Rxb3 Rxh3 46. Kf2 Rh2+
47. Kf3 f6 48. Rb6 h5 49. Rxe6 Kf7 50. Rd6 fxe5 51. fxe5 g5 52. Rf6+ Ke7 53. Rg6
g4+ 54. Kf4 Rf2+ 55. Kg5 Rf3 56. Kxh5 Rxg3 57. Rxg4 Re3 58. Rg5 Ke6 59. Kg4 Rxe5
60. Rxe5+ Kxe5 {Game drawn because neither player has mating material} 1/2-1/2

[Event "Team 45 45 League T46"]
[Site "Internet Chess Club"]
[Date "2010.09.12"]
[Round "6"]
[White "leland"]
[Black "cityprosecutor"]
[Result "1-0"]
[WhiteElo "1845"]
[BlackElo "1745"]
[Opening "Sicilian: dragon, classical attack"]
[ECO "B72"]
[Time "22:00:07"]
[TimeControl "2700+45"]

1. e4 c5 2. Nf3 d6 3. d4 cxd4 4. Nxd4 Nf6 5. Nc3 g6 6. Be3 Bg7 7. Be2 a6 8. O-O
O-O 9. h3 b5 10. a3 Bb7 11. Bf3 Qc7 12. Qd2 Nc6 13. Nxc6 Bxc6 14. Bh6 Qb7 15.
Bxg7 Kxg7 16. Rfe1 Rfd8 17. Qf4 b4 18. axb4 Qxb4 19. Qc1 Bb7 20. Nd5 Nxd5 21.
exd5 Rd7 22. c3 Qb5 23. Qd2 Rc7 24. Re3 Bc8 25. Rae1 Raa7 26. Re4 h5 27. R4e3 a5
28. Ra1 Rcb7 29. Re2 Rb6 30. Rae1 Rbb7 31. Qc1 Bf5 32. Qg5 Qe8 33. Bxh5 Qh8 34.
Bg4 Bd3 35. Rxe7 Qh6 36. Qxh6+ Kxh6 37. Rxb7 Rxb7 38. b4 axb4 39. cxb4 Rxb4 40.
Re7 f5 41. Bf3 Rb6 42. g4 Kg5 43. Kg2 Kf4 44. Re6 Rb1 45. Re3 Bc4 46. gxf5 gxf5
47. h4 Rb7 48. h5 Rh7 49. Re6 Bf1+ 50. Kxf1 Kxf3 51. h6 Rb7 52. Re3+ Kf4 53. Rh3
Rh7 54. Ke2 Kg5 55. Kd3 Kf4 56. f3 Ke5 57. Kc4 Kf4 58. Kb5 Ke5 59. Kc6 Rh8 60.
h7 Rc8+ 61. Kd7 Rh8 62. Ke7 Kxd5 63. Kf7 Kd4 64. Kg7 Ra8 65. h8=Q Rxh8 66. Rxh8
Ke3 67. Kf6 f4 68. Rd8 Kxf3 69. Kf5 Kg3 70. Ke4 f3 71. Rg8+ Kf2 72. Kd3 Kf1 73.
Ke3 f2 74. Rf8 d5 75. Rxf2+ Kg1 76. Kf3 d4 77. Rd2 {Black resigns} 1-0

[Event "Team 45 45 League T46"]
[Site "Internet Chess Club"]
[Date "2010.09.19"]
[Round "6"]
[White "Victorianum"]
[Black "ice-cream"]
[Result "1-0"]
[WhiteElo "1788"]
[BlackElo "1649"]
[Opening "Sicilian: accelerated fianchetto, Breyer variation"]
[ECO "B39"]
[Time "11:00:07"]
[TimeControl "2700+45"]

1. e4 c5 2. Nf3 Nc6 3. d4 cxd4 4. Nxd4 g6 5. c4 Bg7 6. Be3 Nf6 7. Nc3 Ng4 8.
Qxg4 Nxd4 9. Qd1 Ne6 10. Rc1 b6 11. Bd3 Bb7 12. O-O O-O 13. b4 Rc8 14. Qd2 Ba6
15. Ne2 d6 16. Bh6 Qd7 17. Bxg7 Kxg7 18. f4 Bb7 19. f5 Nd8 20. fxg6 hxg6 21. Rf3
Rh8 22. Ng3 Nc6 23. Nf5+ gxf5 24. Qg5+ Kf8 25. Rg3 e6 26. exf5 Ke8 27. fxe6 Qxe6
28. Be4 Nd4 29. Bd3 Nc6 30. Bf5 Qh6 31. Qxh6 Rxh6 32. Rg8+ Ke7 33. Bxc8 Bxc8 34.
Rxc8 Kd7 35. Ra8 Rh4 36. b5 Nd4 37. Rxa7+ Ke6 38. Re1+ Kf6 39. Rf1+ Ke6 40. g3
Ne2+ 41. Kf2 Rxh2+ 42. Kf3 Nd4+ 43. Ke4 Ne2 44. Rfxf7 Nxg3+ 45. Kf3 Nf1 46.
Rae7# {Black checkmated} 1-0

[Event "Team 45 45 League T46"]
[Site "Internet Chess Club"]
[Date "2010.09.11"]
[Round "6"]
[White "rainden"]
[Black "jps7"]
[Result "0-1"]
[WhiteElo "1551"]
[BlackElo "1710"]
[Opening "French: advance, Milner-Barry gambit"]
[ECO "C02"]
[Time "14:18:07"]
[TimeControl "2700+45"]

1. e4 e6 2. d4 d5 3. e5 c5 4. c3 Nc6 5. Nf3 Qb6 6. Bd3 Bd7 7. Bc2 cxd4 8. cxd4
Bb4+ 9. Bd2 Nxd4 10. Bxb4 Nxf3+ 11. Qxf3 Qxb4+ 12. Qc3 Qxc3+ 13. Nxc3 Rc8 14.
O-O d4 15. Be4 dxc3 16. Rac1 cxb2 17. Rxc8+ Bxc8 18. Rb1 b6 19. Rxb2 Ne7 20. Rc2
O-O 21. Rc7 Nd5 22. Rxa7 Nc3 23. Bf3 h6 24. h3 Rd8 25. Rc7 Nd5 26. Rc6 Bb7 27.
Rc1 Rc8 28. Rb1 Rc6 29. a4 Kf8 30. a5 Rc5 31. axb6 Nc3 32. Rb3 Bxf3 33. gxf3
Ne2+ 34. Kf1 Nf4 35. b7 Rc1# {White checkmated} 0-1

[Event "Team 45 45 League T46"]
[Site "Internet Chess Club"]
[Date "2010.09.12"]
[Round "6"]
[White "Campagnolo"]
[Black "AG2009"]
[Result "0-1"]
[WhiteElo "2046"]
[BlackElo "2297"]
[Opening "Catalan: closed, 5.Nf3"]
[ECO "E08"]
[Time "12:01:06"]
[TimeControl "2700+45"]

1. Nf3 Nf6 2. c4 e6 3. g3 d5 4. d4 Be7 5. Bg2 c6 6. Qc2 Nbd7 7. O-O O-O 8. Bf4
Nh5 9. Bc1 f5 10. b3 Ndf6 11. Ba3 Bxa3 12. Nxa3 Qe7 13. Nb1 b6 14. Ne5 Bb7 15.
Nd2 Rac8 16. c5 Ba6 17. Rfe1 Ng4 18. Ndf3 Nhf6 19. h3 Nxe5 20. Nxe5 Nd7 21. Nxd7
Qxd7 22. Rac1 f4 23. Qd2 fxg3 24. fxg3 Rf6 25. Rf1 Rg6 26. Qe3 Qc7 27. Rf3 Re8
28. Qf2 e5 29. Rf1 Qb8 30. cxb6 axb6 31. dxe5 h6 32. Re3 Rxe5 33. Kh2 Rf6 34.
Bf3 Qe8 35. Rxe5 Qxe5 36. a4 c5 37. Qe1 h5 38. h4 d4 39. Kg2 Bc8 40. Rh1 Rg6 41.
Qf2 Be6 42. Rb1 Qf5 43. Rh1 Bxb3 {White resigns} 0-1

[Event "Team 45 45 League T46"]
[Site "Internet Chess Club"]
[Date "2010.09.11"]
[Round "6"]
[White "Camalleo"]
[Black "Merciful"]
[Result "1-0"]
[WhiteElo "1967"]
[BlackElo "2002"]
[Opening "Caro-Kann defense"]
[ECO "B10"]
[Time "10:09:26"]
[TimeControl "2700+45"]

1. e4 c6 2. Nf3 d5 3. exd5 cxd5 4. d4 Nf6 5. Nc3 Bg4 6. Be2 e6 7. Ne5 Bxe2 8.
Qxe2 Qb6 9. O-O Be7 10. Bg5 Nc6 11. Bxf6 Bxf6 12. Nxd5 Nxd4 13. Qh5 Qd6 14.
Nxf6+ gxf6 15. Qxf7+ Kd8 16. Qxf6+ Kc7 17. Qg7+ {Black resigns} 1-0

[Event "Team 45 45 League T46"]
[Site "Internet Chess Club"]
[Date "2010.09.11"]
[Round "6"]
[White "sammj"]
[Black "fishhead"]
[Result "1-0"]
[WhiteElo "2097"]
[BlackElo "1754"]
[Opening "Nimzo-Indian: classical variation"]
[ECO "E32"]
[Time "14:00:19"]
[TimeControl "2700+45"]

1. d4 Nf6 2. c4 e6 3. Nc3 Bb4 4. Qc2 O-O 5. a3 Bxc3+ 6. Qxc3 Ne4 7. Qc2 f5 8. e3
b6 9. Ne2 d6 10. f3 Nf6 11. Nc3 Nbd7 12. Bd3 g6 13. O-O c5 14. b3 a6 15. Bb2 Qe7
16. Rfe1 e5 17. Rad1 Bb7 18. dxe5 dxe5 19. e4 f4 20. Nd5 Nxd5 21. exd5 Qd6 22.
Re4 Rae8 23. Rde1 Re7 24. Qc3 Rf5 25. R1e2 b5 26. cxb5 axb5 27. Bxb5 Bxd5 28.
Bxd7 Bxe4 29. fxe4 f3 30. Rd2 f2+ 31. Kf1 Qa6+ 32. Qc4+ Qxc4+ 33. bxc4 Rf4 34.
Bc6 g5 35. Rxf2 {Black resigns} 1-0

[Event "Team 45 45 League T46"]
[Site "Internet Chess Club"]
[Date "2010.09.14"]
[Round "6"]
[White "CREDITorDEBIT"]
[Black "upsan"]
[Result "0-1"]
[WhiteElo "1832"]
[BlackElo "1922"]
[Opening "French: Rubinstein variation"]
[ECO "C10"]
[Time "20:20:36"]
[TimeControl "2700+45"]

1. e4 e6 2. d4 d5 3. Nc3 dxe4 4. Nxe4 Nd7 5. Nf3 Ngf6 6. Bg5 Be7 7. Bd3 c5 8.
Qe2 cxd4 9. Nxd4 h6 10. Bh4 O-O 11. Bg3 Qa5+ 12. c3 Nc5 13. Nxc5 Qxc5 14. O-O
Bd7 15. Rfe1 Rad8 16. Rad1 Qh5 17. f3 Qc5 18. Bf2 Qc7 19. Qc2 Bd6 20. g3 Bc5 21.
b4 Bb6 22. c4 e5 23. c5 Bxc5 24. bxc5 exd4 25. Bxd4 Bc6 26. Be5 Qa5 27. Kf2 Ba4
28. Qc4 Bxd1 29. Rxd1 Nd7 30. Bd6 Rfe8 31. Bg6 Ne5 32. Bxe5 Rxe5 33. Bxf7+ Kh8
34. Bd5 b6 35. f4 Rh5 36. Kg2 Qxc5 37. Qxc5 bxc5 38. Bf3 Rxd1 39. Bxd1 Rd5 40.
Bb3 Rd4 41. Be6 g5 42. f5 Kg7 43. Kf3 Kf6 44. Ke3 a5 45. Kf3 h5 46. h3 a4 47. g4
h4 48. Ke2 Rf4 49. Bd7 Rb4 50. Kf3 c4 51. Be6 c3 52. Ke3 Rd4 {White resigns} 0-1

[Event "Team 45 45 League T46"]
[Site "Internet Chess Club"]
[Date "2010.09.09"]
[Round "6"]
[White "Deckfuel"]
[Black "NFork"]
[Result "0-1"]
[WhiteElo "1943"]
[BlackElo "2277"]
[Opening "French: Steinitz, Gledhill attack"]
[ECO "C11"]
[Time "08:07:47"]
[TimeControl "2700+45"]

1. e4 e6 2. d4 d5 3. Nc3 Nf6 4. e5 Nfd7 5. Qg4 c5 6. dxc5 Nxe5 7. Qg3 Nbc6 8.
Be3 h5 9. Bb5 Bd7 10. Bxc6 Nxc6 11. Nf3 h4 12. Qf4 Qa5 13. O-O Qb4 14. Bd4 Nxd4
15. Nxd4 Bxc5 16. Rad1 Bxd4 17. Rxd4 Qxb2 18. Qe3 Bc6 19. Nxd5 Bxd5 20. Rxd5
Qxa2 {White resigns} 0-1

[Event "Team 45 45 League T46"]
[Site "Internet Chess Club"]
[Date "2010.09.13"]
[Round "6"]
[White "Dreamshell"]
[Black "Boromir"]
[Result "1/2-1/2"]
[WhiteElo "1885"]
[BlackElo "2002"]
[Opening "Nimzo-Indian: 4.e3 e8g8, 5.Nf3 d7d5"]
[ECO "E51"]
[Time "16:02:36"]
[TimeControl "2700+45"]

1. d4 Nf6 2. c4 e6 3. Nc3 d5 4. Nf3 Bb4 5. e3 O-O 6. cxd5 exd5 7. Bd3 Bg4 8. O-O
c6 9. a3 Bd6 10. b4 Nbd7 11. Bb2 Re8 12. b5 Ne4 13. Be2 Nxc3 14. Bxc3 Qf6 15.
bxc6 bxc6 16. Ne1 Qh6 17. g3 Bh3 18. Ng2 Nf6 19. Bb4 Ne4 20. Rc1 a5 21. Bxd6
Qxd6 22. Qa4 c5 23. dxc5 Nxc5 24. Qb5 Ne4 25. Rfd1 Bxg2 26. Kxg2 Qf6 27. Rf1 Nc3
28. Qd3 Nxe2 29. Qxe2 d4 30. Qf3 Qxf3+ 31. Kxf3 dxe3 32. fxe3 Re5 33. Rfd1 Rae8
34. Rc3 f6 35. Rd7 R8e7 36. Rxe7 Rxe7 37. Rc5 Ra7 38. a4 Kf7 39. Ke4 Kg6 40. Kd5
Re7 41. Rxa5 Rxe3 42. Rb5 Re2 43. Kc6 Rxh2 44. a5 Ra2 45. Kb7 f5 46. a6 Kg5 47.
a7 g6 48. a8=Q Rxa8 49. Kxa8 Kg4 50. Rb3 g5 51. Kb7 h5 52. Kc6 h4 53. gxh4 gxh4
54. Kd5 f4 55. Ke4 h3 56. Rxh3 Kxh3 57. Kxf4 {Game drawn because neither player
has mating material} 1/2-1/2

[Event "Team 45 45 League T46"]
[Site "Internet Chess Club"]
[Date "2010.09.15"]
[Round "6"]
[White "oldsj"]
[Black "LucaTrapani"]
[Result "1-0"]
[WhiteElo "1662"]
[BlackElo "1974"]
[Opening "French: exchange variation"]
[ECO "C01"]
[Time "13:00:26"]
[TimeControl "2700+45"]

1. e4 e6 2. d4 d5 3. exd5 exd5 4. c4 Bb4+ 5. Nc3 Ne7 6. Nf3 Bg4 7. Be3 Nd7 8.
Be2 Be6 9. Qb3 a5 10. O-O dxc4 11. Bxc4 Bxc4 12. Qxc4 Nb6 13. Qd3 f6 14. a3 Bd6
15. Rfe1 O-O 16. Rac1 c6 17. Ne4 Nbd5 18. Nc5 Bxc5 19. dxc5 Nxe3 20. Qxe3 Nd5
21. Qe6+ Kh8 22. Rcd1 a4 23. Nd4 Ra5 24. Nxc6 bxc6 25. Qxc6 Qc7 26. Re8 Qf7 27.
Rxf8+ Qxf8 28. Qxd5 h6 29. Qd8 Qxd8 30. Rxd8+ Kh7 31. Rc8 Rb5 32. c6 Rxb2 33. g3
Kg6 34. c7 Rc2 35. Kf1 Kf7 36. Ke1 Ke6 37. Re8+ Kd7 38. c8=Q+ Rxc8 39. Rxc8 Kxc8
40. Kd2 Kc7 41. Kc3 Kd6 42. Kb4 Kd5 43. Kxa4 Kc4 44. Ka5 Kc5 45. a4 g6 46. h3 f5
47. f4 g5 48. h4 gxf4 49. gxf4 h5 50. Ka6 Kd4 51. Kb6 Ke4 52. a5 Kxf4 53. a6 Kg4
54. a7 Kxh4 55. a8=Q Kg3 {Black resigns} 1-0

[Event "Team 45 45 League T46"]
[Site "Internet Chess Club"]
[Date "2010.09.11"]
[Round "6"]
[White "MaartenKoning"]
[Black "onslaught"]
[Result "1/2-1/2"]
[WhiteElo "2300"]
[BlackElo "2197"]
[Opening "French: advance, Euwe variation"]
[ECO "C02"]
[Time "08:32:58"]
[TimeControl "2700+45"]

1. e4 e6 2. d4 d5 3. e5 c5 4. c3 Bd7 5. Nf3 Nc6 6. Be2 Nge7 7. O-O Nf5 8. Bd3
cxd4 9. Bxf5 exf5 10. Nxd4 Be7 11. Re1 O-O 12. Qd3 Re8 13. Nd2 Bd6 14. f4 f6 15.
N2f3 fxe5 16. Nxc6 bxc6 17. fxe5 Bc7 18. c4 dxc4 19. Qxc4+ Be6 20. Qc2 Qd5 21.
Bf4 Rad8 22. b3 h6 23. h3 Qd3 24. Rac1 Qxc2 25. Rxc2 Bd5 26. h4 Ba5 27. Rd1 Be4
28. Rxd8 Rxd8 29. Rc1 Bb6+ 30. Kh2 Kf7 31. h5 Ke6 32. Kg3 Rd3 33. Rc4 Rd1 34.
Ra4 Rd3 35. Rc4 Bd5 36. Rc1 Kd7 37. Re1 Be4 38. Rc1 Bd4 39. Rc4 Bg1 40. Rc1 Bb6
41. Rc4 Bd5 42. Rc1 Bf7 43. Rh1 Ke6 44. Rc1 Kd5 45. Rh1 a5 46. Bd2 Bc7 47. Bf4
Bb8 48. Kf2 Ke4 49. Bd2 Rd7 50. Bxa5 Ra7 51. b4 c5 52. a3 c4 53. Rd1 f4 54. Re1+
Kd5 55. e6 Bxh5 56. e7 Be8 57. Rd1+ Ke6 58. Rd8 Ra8 59. Bc7 Bxc7 60. Rxa8 Bb6+
61. Ke2 Kxe7 62. a4 Bg6 63. Ne5 Be4 64. Rc8 Bxg2 65. Rxc4 g5 66. a5 Be3 67. b5
Ke6 68. Nc6 Bg1 69. Rc1 f3+ 70. Kd2 f2 71. Ke2 Kd6 72. a6 f1=Q+ 73. Rxf1 Bxf1+
74. Kxf1 Bb6 75. a7 Bxa7 76. Nxa7 Kc5 77. Nc6 Kxb5 78. Ne5 h5 79. Kg2 Kc5 80.
Nf3 g4 81. Ne5 {Game drawn by mutual agreement} 1/2-1/2

[Event "Team 45 45 League T46"]
[Site "Internet Chess Club"]
[Date "2010.09.13"]
[Round "6"]
[White "izit"]
[Black "nb"]
[Result "1-0"]
[WhiteElo "2222"]
[BlackElo "2147"]
[Opening "Queen's Indian: Petrosian system"]
[ECO "E12"]
[Time "15:00:41"]
[TimeControl "2700+45"]

1. d4 Nf6 2. c4 e6 3. Nf3 b6 4. a3 Ba6 5. Qb3 d5 6. cxd5 Qxd5 7. Qxd5 exd5 8.
Nc3 c6 9. Bf4 Nbd7 10. e3 Bxf1 11. Kxf1 Be7 12. Ke2 O-O 13. h3 Rfc8 14. g4 Ne8
15. g5 Bd6 16. Bxd6 Nxd6 17. Rhc1 Kf8 18. Ne1 Ke7 19. Nd3 a6 20. a4 a5 21. Rc2
f6 22. gxf6+ Nxf6 23. Rac1 c5 24. Nf4 cxd4 25. exd4 Kf7 26. Ncxd5 Rxc2+ 27. Rxc2
Rc8 28. Kd3 Rxc2 29. Kxc2 b5 30. Nxf6 Kxf6 31. axb5 Nxb5 32. Kd3 a4 33. Kc4 a3
34. bxa3 Nxa3+ 35. Kc5 Ke7 36. d5 g5 37. Ne6 h6 38. Nd4 Kd7 39. Nf5 h5 40. Ng7
h4 41. f3 Nc2 42. Ne6 Ne3 43. Nxg5 Nf5 44. f4 Ng3 45. Kd4 Kd6 46. Ne4+ Kd7 47.
Ke5 Ne2 48. Ng5 Nc1 49. Ne4 Nd3+ 50. Kf5 Nb4 51. Kg5 Nd3 52. f5 Nb4 53. d6 Nc6
54. Kxh4 Ne5 55. Kg5 Nf3+ 56. Kf4 Nh4 57. Kg4 Ng2 58. h4 Ne3+ 59. Kg5 Nc4 60. h5
Ne5 61. h6 Kc6 62. h7 Kd5 63. h8=Q Nf7+ 64. Kf6 Nxh8 65. d7 Kxe4 {Black resigns}
1-0

[Event "Team 45 45 League T46"]
[Site "Internet Chess Club"]
[Date "2010.09.11"]
[Round "6"]
[White "Campagnolo"]
[Black "jonesey"]
[Result "1-0"]
[WhiteElo "2053"]
[BlackElo "1950"]
[Opening "Réti opening"]
[ECO "A04"]
[Time "05:00:05"]
[TimeControl "2700+45"]

1. Nf3 g6 2. c4 Bg7 3. Nc3 Nf6 4. g3 O-O 5. Bg2 d6 6. O-O Nc6 7. d3 e5 8. Rb1
Nh5 9. b4 f5 10. b5 Ne7 11. Qb3 h6 12. c5+ Kh8 13. cxd6 cxd6 14. Nd2 g5 15. Ba3
Rf6 16. Bf3 g4 17. Bg2 f4 18. Nce4 Rg6 19. Rbc1 Nf5 20. Qf7 Kh7 21. Qc7 Qf8 22.
Nxd6 Nxd6 23. Be4 Bf5 24. Bxd6 Qf6 25. Bxe5 {Black resigns} 1-0

[Event "Team 45 45 League T46"]
[Site "Internet Chess Club"]
[Date "2010.09.12"]
[Round "6"]
[White "PandorasBox"]
[Black "syy89"]
[Result "1-0"]
[WhiteElo "1972"]
[BlackElo "2076"]
[Opening "English: Anglo-Dutch defense"]
[ECO "A10"]
[Time "16:04:44"]
[TimeControl "2700+45"]

1. c4 f5 2. Nc3 Nf6 3. g3 g6 4. Bg2 Bg7 5. Nf3 d6 6. d3 O-O 7. Bg5 c6 8. Qd2 Qb6
9. O-O e5 10. Rab1 Be6 11. b4 Nbd7 12. a4 Qc7 13. Rfc1 a5 14. b5 Nc5 15. Rb2 Ng4
16. h3 e4 17. hxg4 exf3 18. Bxf3 fxg4 19. Bg2 Bxc3 20. Qxc3 Nxa4 21. Qb3 Nxb2
22. Qxb2 cxb5 23. cxb5 Qf7 24. Be3 a4 25. Qa3 d5 26. b6 Qf6 27. Qb4 a3 28. Bd4
Qf5 29. Rc7 Rf7 30. e4 dxe4 31. Rc5 a2 32. Rxf5 a1=Q+ 33. Bxa1 Rxa1+ 34. Bf1
Bxf5 35. dxe4 Bd7 36. Qd4 Rb1 37. Kg2 Bb5 38. Bxb5 Rxb5 39. e5 Ra5 40. e6 Rf8
41. Qc4 Raa8 42. e7+ Rf7 43. Qa4 {Black resigns} 1-0

[Event "Team 45 45 League T46"]
[Site "Internet Chess Club"]
[Date "2010.09.11"]
[Round "6"]
[White "sandham"]
[Black "Morovon23"]
[Result "0-1"]
[WhiteElo "2125"]
[BlackElo "2316"]
[Opening "Caro-Kann: classical, Spassky variation"]
[ECO "B19"]
[Time "01:17:36"]
[TimeControl "2700+45"]

1. e4 c6 2. d4 d5 3. Nc3 dxe4 4. Nxe4 Bf5 5. Ng3 Bg6 6. h4 h6 7. Nf3 Nd7 8. h5
Bh7 9. Bd3 Bxd3 10. Qxd3 e6 11. Bd2 Ngf6 12. O-O-O Be7 13. Qe2 O-O 14. Rhe1 Qb6
15. c3 a5 16. Nf5 exf5 17. Qxe7 a4 18. Ne5 Nxe5 19. dxe5 Nd5 20. Qh4 Rfe8 21.
Qg3 Re6 22. Qf3 Qb5 23. Qxf5 Nb6 24. f4 Nc4 25. Qc2 a3 26. b3 Nb2 27. c4 Qc5 28.
Be3 Qb4 29. Bd2 Qe7 30. Bc3 Nxd1 31. Rxd1 Rd8 32. Rxd8+ Qxd8 33. g3 Re8 34. Qd2
Qc8 35. Bb4 Rd8 36. Bd6 Qh3 37. Qe3 Qxh5 38. Bxa3 Qd1+ 39. Kb2 Qd2+ 40. Qxd2
Rxd2+ 41. Kc3 Rg2 42. Bd6 Rxg3+ 43. Kd4 h5 44. f5 Rg2 45. a4 h4 46. e6 fxe6 47.
fxe6 Re2 48. e7 Kf7 49. Kc5 h3 50. Kb6 h2 51. Bxh2 Rxh2 52. Kxb7 g5 53. a5 g4
54. a6 g3 55. a7 Ra2 {White resigns} 0-1

[Event "Team 45 45 League T46"]
[Site "Internet Chess Club"]
[Date "2010.09.08"]
[Round "6"]
[White "DTK"]
[Black "LT-Prad"]
[Result "1-0"]
[WhiteElo "2215"]
[BlackElo "2094"]
[Opening "Ruy Lopez: closed, Pilnik variation"]
[ECO "C90"]
[Time "22:01:17"]
[TimeControl "2700+45"]

1. e4 e5 2. Nf3 Nc6 3. Bb5 a6 4. Ba4 Nf6 5. O-O Be7 6. Re1 b5 7. Bb3 d6 8. c3
O-O 9. d3 Na5 10. Bc2 c5 11. Nbd2 Re8 12. Nf1 g6 13. a4 Bb7 14. Ng3 Bf8 15. d4
cxd4 16. cxd4 exd4 17. Nxd4 Qb6 18. axb5 axb5 19. b3 Bg7 20. Be3 Qd8 21. Bg5 h6
22. Bf4 Nd7 23. Qd2 Kh7 24. Rad1 Qb6 25. Ndf5 gxf5 26. Nxf5 Re6 27. Nxd6 Ne5 28.
Bxe5 Rxe5 29. Nxf7 Re7 30. Nd6 Be5 31. Nxb7 Nxb7 32. g3 Rc7 33. Re2 Rd8 34. Qe1
Rdc8 35. Rd5 Bd4 36. Qd1 Bxf2+ 37. Kg2 Bc5 38. Rd7+ Be7 39. e5+ Kh8 40. e6 Nd6
41. Qd3 Rxc2 42. Rxc2 Rxc2+ 43. Qxc2 Bg5 44. Qh7# {Black checkmated} 1-0